AoeStats
← noob

African Clearing

504203310Analyzed
4v4 RM · 28d ago on Sep 4, 2026· 23m 45s· 8 players
Game mode
Random Map
Map size
Large (8 player)
Population
200
Speed
Normal
Resources
Standard
Victory
Conquest
Starting age
Dark Age
Ending age
Imperial Age
RankedLock teamsTeams togetherTeam positionsShared explorationLock speedFull tech treeHidden civsTurbo modeCheats
Victory
Defeat
🇩🇪 Sicilians · Germany
1404
+13
🇩🇪 Khmer · Germany
1393
+14
🇨🇳 Inca · China
1365
+15
🇬🇧 Mongols · United Kingdom
1339
+16
🇨🇳 Magyars · China
1462
-19
🇻🇳 Franks · Vietnam
1327
-14
🇦🇺 Khitans · Australia
1326
-14
🇹🇼 Vietnamese · Taiwan
1258
-11
noob
10:17 Loom
12:57 Feudal Age
13:48 Double-Bit Axe
16:46 Castle Age
16:30 Bloodlines
16:14 Gold Mining
18:50 Husbandry
19:51 Scale Barding Armor
Billeybowb
3:47 Loom
12:04 Feudal Age
15:57 Scale Barding Armor
18:01 Forging
23:17 Castle Age
21:24 Double-Bit Axe
FloAoE
7:46 Loom
13:16 Feudal Age
15:30 Double-Bit Axe
17:56 Castle Age
15:56 Horse Collar
16:21 Fletching
17:09 Gold Mining
18:59 Bloodlines
19:17 Bloodlines
23:38 Bow Saw
chase kong
5:30 Loom
13:44 Feudal Age
15:19 Town Watch
C8AN
13:45 Feudal Age
16:33 Loom
19:02 Castle Age
17:30 Double-Bit Axe
18:47 Fletching
RoadTo1100
13:49 Feudal Age
14:21 Loom
14:49 Double-Bit Axe
18:15 Castle Age
19:42 Wheelbarrow
19:19 Bow Saw
21:05 Hand Cart
第一滴血
8:11 Loom
12:12 Feudal Age
21:22 Castle Age
MegaPanda
5:23 Loom
14:23 Feudal Age
15:10 Double-Bit Axe
15:20 Double-Bit Axe
21:02 Forging
Connection lost

Rejoining the realm…

Still unreachable

The connection could not be restored.

Session expired

The server has moved on; the page needs a fresh start.